 Dungeon Crawl Stone Soup version 0.31-a0-879-g1609e0ac53 (webtiles) character file.

Game seed: 7809234140180816177

2 Kurtz the Sneak (level 1, 0/21 HPs)
             Began as a Naga Delver on Oct 14, 2023.
             Slain by a shadow imp (2 damage)
             ... on level 5 of the Dungeon.
             The game lasted 00:00:13 (54 turns).

Kurtz the Sneak (Naga Delver)                         Turns: 54, Time: 00:00:14

Health: 0/21       AC:  1    Str: 14    XL:     1   Next: 40%
Magic:  1/1        EV:  9    Int: 10    God:
Gold:   0          SH:  0    Dex: 12    Spells: 0/0 levels left

rFire   . . .        a - +0 hand axe
rCold   . . .        (no shield)
rNeg    . . .        b - +0 leather armour
rPois   +            (no helmet)
rElec   .            (no cloak)
rCorr   .            (no gloves)
SInv    +            (no barding)
Will    .....        (no amulet)
Stlth   +++          (no ring)
HPRegen 0.23/turn    (no ring)
MPRegen 0.07/turn

%: no passive effects
@: very slow
A: AC +0, large, see invisible, deformed body, poison resistance, slowness 2,
spit poison 1, naga tail 1
a: Spit Poison


You were on level 5 of the Dungeon.
You visited 1 branch of the dungeon, and saw 1 of its levels.

Inventory:

Hand Weapons
 a - a +0 hand axe (weapon)
Armour
 b - a +0 leather armour (worn)
 j - a +0 chain mail
Wands
 g - a wand of digging (3)
Scrolls
 c - a scroll of fog
 d - a scroll of revelation
 e - a scroll of fear
Potions
 f - a potion of haste
 h - a potion of mutation {unknown}
 i - a potion of enlightenment {unknown}


   Skills:
 - Level 3.0 Fighting
 * Level 2.2 Axes
 - Level 1.5 Dodging
 - Level 7.2 Stealth


You couldn't memorise any spells.
You didn't know any spells.
Your spell library was empty.

Dungeon Overview and Level Annotations

Branches:
Dungeon (5/15)
 Temple: D:4-7

Altars:

Annotations:
D:5 exclusion: iguana


Innate Abilities, Weirdness & Mutations

Your serpentine skin is tough. (AC +0)
You have supernaturally acute eyesight. (SInv)
Armour fits poorly on your strangely shaped body.
Your system is resistant to poisons. (rPois)
You cover ground very slowly.
You can spit poison.
You have a snake-like lower body.


Message History

A shadow imp comes into view.
The dart slug launches a dart at you. The slug dart misses you.
The dart slug briefly extends its eye-stalks.
The dart slug launches a dart at you. The slug dart misses you.
The dart slug barely misses you.
An adder comes into view.
The dart slug launches a dart at you. The slug dart hits you.
You see here a +0 chain mail.
The dart slug launches a dart at you. The slug dart hits you.
You completely miss the dart slug. The dart slug launches a dart at you.
The slug dart hits you.
You are too injured to fight recklessly!
You are too injured to fight recklessly!
You are too injured to fight recklessly!
You hit the dart slug.
The dart slug is severely wounded.
The dart slug bites you.
You are too injured to fight recklessly!
You hit the dart slug.
The dart slug is almost dead.
The dart slug bites you.
* * * LOW HITPOINT WARNING * * *
You hit the dart slug.
You kill the dart slug!
The shadow imp shouts, "Take thy face hence, thou reeling-ripe folly-fallen death-token!"
Unknown command.
You see here a +0 chain mail.
j - a +0 chain mail The shadow imp hits you.
* * * LOW HITPOINT WARNING * * *
The shadow imp hits you.
* * * LOW HITPOINT WARNING * * *
You hit the shadow imp but do no damage.
The shadow imp hits you.
You die...

##.. #...
#..# #
#..#.#
##..#.#
.....#
#########5.#
........@..#
S#######...#
#.^.......#
.#####.#.#
#...# #.###
#.# #.#
#.######


You could see a shadow imp.

Vanquished Creatures
  A dart slug (D:5)
1 creature vanquished.

Notes
Turn   | Place    | Note
-------+----------+-------------------------------------------
     0 | D:5      | Kurtz the Naga Delver began the quest for the Orb.
     0 | D:5      | Reached XP level 1. HP: 21/21 MP: 1/1
    14 | D:5      | Noticed an iguana
    53 | D:5      | HP: 1/21 [shadow imp (1)]
    54 | D:5      | Slain by a shadow imp

Illustrated notes

Levels and vault maps discovered:
D:5:      layout_loops_ring, minitemple, uniq_eustachio

Action                     || total
---------------------------++-------
  Melee: Hand axe          ||     5
 Armour: Leather armour    ||     8
  Dodge: Dodged            ||     3

Table legend: (Time is in decaauts)
 A = Elapsed time spent in this place.
 B = Non-inter-level travel time spent in this place.
 C = Inter-level travel time spent in this place.
 D = Time resting spent in this place.
 E = Time spent auto-exploring this place.
 F = Levels seen in this place.
 G = Mean time per level.
                   A        B        C        D        E       F      G
               +--------+--------+--------+--------+--------+-----+--------+
         Total |     73 |     73 |      0 |      0 |     39 |   1 |   73.0 |
       Dungeon |     73 |     73 |      0 |      0 |     39 |   1 |   73.0 |
               +--------+--------+--------+--------+--------+-----+--------+

Top non-repeatable levels by time:
     D:5: 73 daAuts
